 Dungeon Crawl Stone Soup version 0.29-a0-360-g8ed1089bbe (webtiles) character file.

Game seed: 4772240248123267288

6987 Sweeb the Destroyer (level 10, -5/81 HPs)
             Began as a Demigod Conjurer on Apr 29, 2022.
             Slain by a sixfirhy (12 damage)
             ... summoned by a kobold demonologist
             ... on level 10 of the Dungeon.
             The game lasted 00:35:28 (11340 turns).

Sweeb the Destroyer (Demigod Conjurer)             Turns: 11340, Time: 00:35:29

Health: -5/81      AC:  4    Str: 12    XL:     10   Next: 52%
Magic:  8/32       EV: 16    Int: 26    God:
Gold:   203        SH:  8    Dex: 20    Spells: 6/22 levels left

rFire   . . .      SeeInvis .   F - staff of conjuration
rCold   . . .      Faith    .   G - +2 buckler
rNeg    . . .      Spirit   .   h - +2 steam dragon scales
rPois   .          Reflect  .   k - +2 helmet
rElec   .          Harm     .   q - +0 cloak
rCorr   .          Rampage  .   r - +0 pair of gloves
Will    +....                   (no boots)
Stlth   +++.......              (no amulet)
HPRegen 0.23/turn               c - +6 ring of intelligence
MPRegen 0.23/turn               b - ring of magical power

@: corroded
A: high MP 1, forlorn, divine attributes
a: no special abilities


You were on level 10 of the Dungeon.
You visited 1 branch of the dungeon, and saw 10 of its levels.
You also visited: Sewer.

You collected 503 gold pieces.
You spent 300 gold pieces at shops.

Inventory:

Hand Weapons
 i - a +0 long sword of electrocution
 j - a +1 dagger of venom
Armour
 h - +2 steam dragon scales (worn)
 k - a +2 helmet (worn)
 q - a +0 cloak (worn)
 r - a +0 pair of gloves (worn)
 C - a +2 leather armour of cold resistance
 G - a +2 buckler (worn)
Magical Staves
 F - a staff of conjuration (weapon)
Jewellery
 b - a ring of magical power (right hand)
 c - a +6 ring of intelligence (left hand)
 g - a ring of fire
 o - a ring of willpower
 I - a +6 ring of intelligence
 L - a +6 ring of intelligence
Wands
 u - a wand of paralysis (21)
 D - a wand of mindburst (14)
 E - a wand of polymorph (10)
 H - a wand of iceblast (14)
 J - a wand of acid (6)
 K - a wand of charming (4)
Scrolls
 a - a scroll of fear
 l - 4 scrolls of immolation
 m - 2 scrolls of teleportation
 v - 4 scrolls of fog
 x - a scroll of amnesia
 y - 2 scrolls of summoning
 N - a scroll of blinking
Potions
 d - a potion of haste
 e - a potion of cancellation
 f - 2 potions of lignification
 n - 2 potions of curing
 p - 2 potions of magic
 t - 2 potions of mutation {unknown}
 w - 2 potions of might {unknown}
 z - a potion of degeneration {unknown}
 A - a potion of resistance {unknown}
 B - 3 potions of flight {unknown}
Miscellaneous
 M - a phantom mirror


   Skills:
 - Level 5.1 Fighting
 + Level 6.5 Dodging
 - Level 5.0 Stealth
 + Level 3.8 Shields
 + Level 6.5 Spellcasting
 + Level 8.4 Conjurations
 + Level 5.0 Evocations


You had 6 spell levels left.
You knew the following spells:

 Your Spells              Type           Power      Damage    Failure   Level
a - Magic Dart            Conj           100%       1d8       1%          1
b - Searing Ray           Conj           100%       2d8       1%          2
c - Dazzling Flash        Conj/Hex       90%        N/A       4%          3
d - Blink                 Tloc           16%        N/A       13%         2
e - Fulminant Prism       Conj/Hex       22%        3d13      14%         4
f - Iskenderun's Mystic   Conj/Tloc      45%        2d10      14%         4

Your spell library contained the following spells:

 Spells                   Type           Power      Damage    Failure   Level
 Agony                    Necr           8%         N/A       93%         5
 Manifold Assault         Tloc           8%         N/A       93%         5
 Silence                  Hex/Air        4%         N/A       93%         5
 Storm Form               Tmut/Air       4%         N/A       100%        7


Dungeon Overview and Level Annotations

Branches:
Dungeon (10/15)            Temple (0/1) D:5           Sewer (visited)
   Lair: D:8-11         Orc: D:9-12

Shops:
D:1 =   D:7 *[(=

Annotations:
D:10 3 runed translucent doors, kevlar127's ghost, journeyman TrBe


Innate Abilities, Weirdness & Mutations

You have an increased reservoir of magic. (+10% MP)
You shall have no god before yourself.
Your divine heritage dramatically boosts your attributes as you level up.


Message History

The searing ray misses the kobold demonologist.
The searing ray misses the crimson imp.
The crimson imp disappears in a puff of smoke!
The kobold demonologist is no longer blind.
The hellwing misses you. The hellwing closely misses you.
You block the rust devil's attack.
The kobold demonologist gestures wildly while chanting.
The kobold demonologist looks satisfied for a moment.
The searing ray hits the crimson imp!
The crimson imp is almost dead.
The searing ray hits the kobold demonologist!
You kill the kobold demonologist!
The iron imp disappears in a puff of smoke!
The crimson imp disappears in a puff of smoke!
The hellwing hits you! You block the hellwing's attack.
You block the rust devil's attack.
The searing ray misses the sixfirhy.
The searing ray hits the kobold demonologist!
You kill the kobold demonologist!
The hellwing disappears in a puff of smoke!
The rust devil disappears in a puff of smoke!
The iron imp disappears in a puff of smoke!
The shadow imp disappears in a puff of smoke!
You finish channelling your searing ray.
The sixfirhy hits you! The sixfirhy shocks you!
* * * LOW HITPOINT WARNING * * *
The sixfirhy closely misses you. The sixfirhy misses you.
The sixfirhy hits you!
* * * LOW HITPOINT WARNING * * *
The sixfirhy shocks you!
* * * LOW HITPOINT WARNING * * *
Your Evocations skill increases to level 5!
You feel much better. The sixfirhy attacks as you move away!
The sixfirhy hits you. The sixfirhy shocks you!
* * * LOW HITPOINT WARNING * * *
The sixfirhy hits you!
* * * LOW HITPOINT WARNING * * *
The sixfirhy shocks you!
You die...

##.#...#
############....#
................#
#####....######.#
###########.............
...............######.###
###########....### #
#..>.............#
#.......###..###@#
#.......# #..# #3#
#.......###..###.#
###............#.5K.....
# #.####.......##55.....
# #.# #...##### #...... #
#.####...#Z#.#Z ......
###........#ZZ... ......
#..........+Z..?# #####


You could see a sixfirhy (summoned), a quasit (summoned) and a white imp
(summoned).

Vanquished Creatures
  Pikel (D:4)
  Maggie (D:6)
  2 kobold demonologists (D:10)
  A troll (D:10)
  Prince Ribbit (D:5)
  Sigmund (D:3)
  A shadow (D:10)
  8 yaks
  2 steam dragons
  An acid dragon (D:9)
  2 water moccasins
  2 orc warriors
  An ice beast (D:7)
  A sky beast (D:7)
  3 ogres (D:8)
  3 centaurs
  A lemure (D:4)
  2 phantoms
  2 kobold brigands
  2 gnoll sergeants
  A necrophage (D:6)
  5 scorpions
  7 wights
  5 killer bees (D:9)
  An electric eel (D:10)
  3 howler monkeys (D:9)
  A jelly (D:6)
  5 hounds
  4 orc priests
  Natasha (twice) (D:2)
  5 iguanas
  4 orc wizards
  Robin (D:2)
  8 gnolls
  7 adders
  2 shadow imps
  3 ufetubi
  7 worms
  A dart slug (D:3)
  39 orcs
  11 ball pythons
  7 endoplasms
  4 giant cockroaches
  13 goblins
  10 hobgoblins
  6 jackals
  7 quokkas
  9 bats
  6 frilled lizards
  16 kobolds
  13 rats
251 creatures vanquished.

Vanquished Creatures (collateral kills)
  6 orcs (D:8)
6 creatures vanquished.

Vanquished Creatures (others)
  A gnoll (D:9)
  2 plants (D:7)
3 creatures vanquished.

Grand Total: 260 creatures vanquished

Notes
Turn   | Place    | Note
-------+----------+-------------------------------------------
     0 | D:1      | Sweeb the Demigod Conjurer began the quest for the Orb.
     0 | D:1      | Reached XP level 1. HP: 14/14 MP: 5/5
   349 | D:1      | Reached skill level 4 in Conjurations
   349 | D:1      | Reached XP level 2. HP: 20/20 MP: 5/7
   531 | D:1      | Found Tury's Jewellery Emporium.
   655 | D:1      | You fall into a shaft and drop 1 floor!
   875 | D:2      | Noticed Robin
   934 | D:2      | Learned a level 2 spell: Searing Ray
   954 | D:2      | Reached XP level 3. HP: 27/27 MP: 3/8
  1219 | D:2      | Killed Robin
  1504 | D:2      | Reached skill level 1 in Fighting
  1538 | D:2      | Noticed Natasha
  1541 | D:2      | Killed Natasha
  1542 | D:2      | Reached XP level 4. HP: 35/35 MP: 10/10
  1946 | D:2      | Noticed Natasha
  2030 | D:2      | Killed Natasha
  2540 | D:3      | Reached XP level 5. HP: 30/40 MP: 11/11
  2557 | D:3      | Learned a level 3 spell: Dazzling Flash
  2625 | D:3      | Learned a level 2 spell: Blink
  2755 | D:3      | Reached skill level 5 in Conjurations
  3454 | D:3      | Noticed Sigmund
  3471 | D:3      | Killed Sigmund
  3472 | D:3      | Reached XP level 6. HP: 48/48 MP: 13/13
  3824 | D:4      | Noticed Pikel
  3842 | D:4      | Killed Pikel
  3843 | D:4      | Reached XP level 7. HP: 38/57 MP: 4/15
  4367 | D:4      | Reached skill level 6 in Conjurations
  5055 | D:5      | Entered Level 5 of the Dungeon
  5057 | D:5      | Noticed Prince Ribbit
  5076 | D:5      | Found a staircase to the Ecumenical Temple.
  5205 | D:5      | Killed Prince Ribbit
  5206 | D:5      | Reached XP level 8. HP: 56/66 MP: 17/17
  5427 | D:5      | Reached skill level 5 in Stealth
  5771 | D:5      | Found a glowing drain.
  5775 | Sewer    | Entered a sewer
  6436 | D:6      | Noticed Maggie
  6586 | D:6      | Reached skill level 1 in Evocations
  6736 | D:6      | Killed Maggie
  7464 | D:7      | Reached XP level 9. HP: 65/72 MP: 19/20
  7526 | D:7      | Reached skill level 7 in Conjurations
  7635 | D:7      | Reached skill level 5 in Spellcasting
  7756 | D:7      | Reached skill level 5 in Fighting
  8358 | D:7      | Found Zutteof's Weapon Boutique.
  8358 | D:7      | Found Affo's Jewellery Boutique.
  8359 | D:7      | Found Mafikk's General Store.
  8359 | D:7      | Found Diufin's Armour Boutique.
  8366 | D:7      | Bought a staff of conjuration for 300 gold pieces
  8712 | D:7      | Reached skill level 5 in Dodging
  9006 | D:8      | Reached skill level 1 in Shields
 10194 | D:9      | Reached XP level 10. HP: 72/81 MP: 22/22
 10477 | D:9      | Noticed a boulder beetle
 10827 | D:9      | Reached skill level 8 in Conjurations
 10960 | D:10     | Entered Level 10 of the Dungeon
 11107 | D:10     | Found a runed translucent gate.
 11107 | D:10     | Found a runed translucent gate.
 11107 | D:10     | Found a runed translucent gate.
 11144 | D:10     | Noticed kevlar127's ghost (journeyman TrBe)
 11178 | D:10     | Learned a level 4 spell: Fulminant Prism
 11183 | D:10     | Learned a level 4 spell: Iskenderun's Mystic Blast
 11328 | D:10     | Noticed a rust devil
 11334 | D:10     | Noticed a sixfirhy
 11337 | D:10     | HP: 2/81 [sixfirhy[a kobold demonologist] (9)]
 11338 | D:10     | Reached skill level 5 in Evocations
 11340 | D:10     | Slain by a sixfirhy

Illustrated notes

Levels and vault maps discovered:
D:1:      psy_arrival_terrarium, layout_basic, serial_shops,
          nicolae_shop_waterfront
D:2:      layout_basic, uniq_robin, uniq_natasha
D:3:      layout_basic, nicolae_uskayaw_dance_hall, okawaru_metal_pillars_1_2,
          kennysheep_nub, nicolae_wormholes, uniq_sigmund
D:4:      layout_gridville, grunt_gozag_breadcrumbs, tso_altar,
          chequers_ossuary_entry_cave, corexii_hall_statues_l, uniq_pikel
D:5:      layout_basic, nzn_wu_jian_council_hall,
          minmay_temple_entry_gardened_gates, gup_sewer_entry_bowl,
          glass_columns_a, uniq_prince_ribbit1
D:6:      layout_gridville, mainiacjoe_overflow_six_doors_small, uniq_maggie
D:7:      layout_gridville, nicolae_ashenzari_skybound, minitemple,
          serial_bayou_lagoon_a, minmay_misc_feat_iff, minmay_shop_grid_forest
D:8:      layout_basic, special_room [special_room_orc]
D:9:      layout_cave_pools, elyvilon_altar_1, lemuel_coloured_pillars_altar,
          marbit_many_paths, mainiacjoe_overflow_alcove_4,
          nicolae_overflow_crystal_walls, xom_redecorated, old_standard_altar
D:10:     layout_basic, erik_lair_island, gammafunk_ghost_necromancy,
          uniq_amaemon

Skill      XL: |  1  2  3  4  5  6  7  8  9 10 |
---------------+-------------------------------+-----
Spellcasting   | 2 3 4 5 6 |  6.5
Conjurations   | 4 5 6 7 8 |  8.4
Stealth        | 2 3 4 5 |  5.0
Fighting       | 1 2 3 4 5 |  5.1
Dodging        | 2 3 4 5 6 |  6.5
Evocations     | 2 4 5 |  5.0
Shields        | 2 3 |  3.8

Action                   |  1- 3 |  4- 6 |  7- 9 | 10-12 || total
-------------------------+-------+-------+-------+-------++-------
Melee: Long sword        |       |     8 |    11 |       ||    19
       Staff             |       |       |       |     1 ||     1
 Cast: Magic Dart        |    75 |    58 |   119 |    24 ||   276
       Searing Ray       |     3 |    20 |    71 |    25 ||   119
       Dazzling Flash    |       |     2 |     5 |     8 ||    15
       Blink             |       |       |     2 |       ||     2
       Iskenderun's Myst |       |       |       |     2 ||     2
  Use: Scroll            |     2 |     9 |     4 |     4 ||    19
       Potion            |     1 |     1 |     1 |     1 ||     4
 Stab: Sleeping          |       |       |     1 |       ||     1
Armor: Robe              |     1 |    16 |     8 |       ||    25
       Steam dragon scal |       |       |    21 |    11 ||    32
Dodge: Dodged            |    13 |    34 |    72 |    41 ||   160
Block: Buckler           |       |       |    10 |    22 ||    32

Table legend: (Time is in decaauts)
 A = Elapsed time spent in this place.
 B = Non-inter-level travel time spent in this place.
 C = Inter-level travel time spent in this place.
 D = Time resting spent in this place.
 E = Time spent auto-exploring this place.
 F = Levels seen in this place.
 G = Mean time per level.
                   A        B        C        D        E       F      G
               +--------+--------+--------+--------+--------+-----+--------+
         Total |  11466 |  10972 |    494 |   2944 |   5872 |  11 | 1042.4 |
       Dungeon |  10945 |  10451 |    494 |   2908 |   5559 |  10 | 1094.5 |
         Sewer |    520 |    520 |      0 |     36 |    313 |   1 |  520.0 |
               +--------+--------+--------+--------+--------+-----+--------+

Top non-repeatable levels by time:
     D:4: 1488 daAuts
     D:2: 1387 daAuts
     D:7: 1318 daAuts
     D:3: 1299 daAuts
     D:8: 1281 daAuts
     D:5: 1005 daAuts
     D:6: 995 daAuts
     D:1: 915 daAuts
     D:9: 874 daAuts
   Sewer: 520 daAuts
    D:10: 379 daAuts
